Cogmind - Beta 10.2 @@@ ROGUE MODE // 2022.01.10 @ 23:26:42 Player: Okkudo Result: Destroyed by G-34 Mercenary with Small Laser Performance ------------- Evolutions (0) 0 Regions Visited (4) 800 Robots Destroyed (24) 120 Value Destroyed (611) 611 Prototype IDs (0) 0 Alien Tech Used (0) 0 Bonus (85) 85 TOTAL SCORE: 1616 Bonus ------- Follower Combat Kills 85 Cogmind --------- Core Integrity 0/250 Matter 269/300 Energy 256/265 System Corruption 1% Temperature Cool (113) Movement Walking (155) Ox1 Location -9/Mines Parts ------- > --- POWER (1) -------- Improved Ion Engine > --- PROPULSION (2) --- Carbon-fiber Leg Titanium Leg > --- UTILITY (2) ------ Large Storage Unit Large Storage Unit > --- WEAPON (2) ------- Small Laser Assault Rifle > --- INVENTORY (16) --- Ion Engine Carbon-fiber Leg Medium Storage Unit Medium Storage Unit Compact Matter Pod (150) Sensor Array Makeshift System Shield Bomb Drone Bay Small Laser EM Pulse Cannon Datajack Mining Laser Maul Peak State ------------ > --- POWER ------------ Improved Ion Engine > --- PROPULSION ------- Carbon-fiber Leg Titanium Leg > --- UTILITY ---------- Large Storage Unit Large Storage Unit > --- WEAPON ----------- Beamcaster Light Assault Rifle > --- INVENTORY -------- Ion Engine Carbon-fiber Leg Medium Storage Unit Medium Storage Unit Compact Matter Pod Sensor Array Makeshift System Shield Bomb Drone Bay Small Laser Small Laser EM Pulse Cannon Assault Rifle Datajack Mining Laser Maul [Rating: 19] Favorites ----------- Power Ion Engine Engine Ion Engine Propulsion Light Treads Treads Light Treads Leg Carbon-fiber Leg Utility Large Storage Unit Storage Large Storage Unit Weapon Light Assault Rifle Energy Gun Beamcaster Ballistic Gun Light Assault Rifle Special Weapon Mining Laser Build | -11 -10 -10 -10 -9 ------- Run | Scr Mat Min Exi Min Slots Evolved . | . . . . . Power . | . . . . . Propulsion . | . . . . . Utility . | . . . . . Weapon . | . . . . . Parts Attached 27 | 7 6 10 1 3 Power 3 | 1 1 . . 1 Engine 3 | 1 1 . . 1 Core . | . . . . . Reactor . | . . . . . Propulsion 8 | 2 . 5 1 . Treads 2 | 2 . . . . Leg 6 | . . 5 1 . Wheel . | . . . . . Hover . | . . . . . Flight . | . . . . . Utility 4 | 2 2 . . . Device . | . . . . . Storage 4 | 2 2 . . . Processor . | . . . . . Hackware . | . . . . . Protection . | . . . . . Artifact . | . . . . . Weapon 12 | 2 3 5 . 2 Energy Gun 2 | . . 1 . 1 Energy Cannon . | . . . . . Ballistic Gun 9 | 2 3 3 . 1 Ballistic Cannon . | . . . . . Launcher . | . . . . . Special Weapon 1 | . . 1 . . Impact Weapon . | . . . . . Slashing Weapon . | . . . . . Piercing Weapon . | . . . . . Special Melee Weapon . | . . . . . Unidentified Prototypes . | . . . . . Parts Lost 7 | . 5 . . 2 Power 1 | . 1 . . . Propulsion 1 | . 1 . . . Utility . | . . . . . Weapon 5 | . 3 . . 2 Highest Loss Streak 3 | . 3 . . 2 Average Slot Usage (%) 93 | . 84 94 100 98 Engine 13 | . 11 14 14 14 Treads 7 | . 18 5 . . Leg 16 | . . 17 28 28 Storage 28 | . 28 28 28 28 Energy Gun 6 | . . 5 14 13 Ballistic Gun 19 | . 24 21 14 13 Naked Turns . | . . . . . Heaviest Build 45 | 15 39 43 43 45 Greatest Support 40 | 40 40 32 32 32 Greatest Overweight (x) 1 | . 1 1 1 1 Average Overweight (x) . | . . 1 1 1 Largest Inventory Capacity 16 | 8 16 16 16 16 Average Capacity 15 | 4 15 16 16 16 Most Carried 16 | 4 8 16 16 16 Average Carried 11 | 2 5 13 15 15 Final Capacity 16 | 8 16 16 16 16 Final Carried 16 | 2 7 16 15 14 Class Distribution -------------------- 81% | Mutant 18% | Scavenger-Mutant Dominant Class ---------------- Mutant | -10/Materials Scavenger-Mutant | -10/Mines Mutant | -10/Exiles Mutant | -9/Mines Resources | -11 -10 -10 -10 -9 ----------- Run | Scr Mat Min Exi Min Matter Collected 623 | 205 223 165 26 4 Remotely . | . . . . . Salvage Created 991 | 69 347 339 186 50 Parts 48 | 3 29 12 4 . Haulers Intercepted . | . . . . . Recyclers Shooed 3 | . 2 1 . . Parts Field Recycled . | . . . . . Retrieved Matter . | . . . . . Parts Self-Destructed . | . . . . . Prevented . | . . . . . Kills | -11 -10 -10 -10 -9 ------- Run | Scr Mat Min Exi Min Combat Hostiles Destroyed 20 | . 11 6 2 1 Guns 19 | . 11 5 2 1 Cannons 1 | . . 1 . . Classes Destroyed 7 | 1 4 1 1 . Builder 1 | . 1 . . . Recycler 2 | 1 . 1 . . Watcher 2 | . 2 . . . Swarmer 6 | . 6 . . . Grunt 12 | . 5 5 1 1 Hunter 1 | . . . 1 . Assembled 1 | . . 1 . . Best Kill Streak 3 | 1 3 2 1 1 Combat Bots Only 3 | . 3 2 1 1 Max Kills in Single Turn 1 | 1 1 1 1 1 Gunslinging . | . . . . . Exploded . | . . . . . Melee . | . . . . . Uniques/NPCs Destroyed . | . . . . . Combat | -11 -10 -10 -10 -9 -------- Run | Scr Mat Min Exi Min Damage Taken 1263 | . 856 175 . 232 Core 255 | . 145 71 . 39 Absorbed by Shields . | . . . . . Core Remaining (%) 100 | 100 . . . . Volleys Fired 164 | 5 96 41 15 7 Largest 2 | 2 2 2 2 2 Hottest 100 | 40 40 100 95 95 Shots Fired 241 | 10 127 68 23 13 Gun 227 | 10 127 54 23 13 Cannon . | . . . . . Launcher . | . . . . . Special 14 | . . 14 . . Kinetic 196 | 10 127 44 8 7 Thermal 45 | . . 24 15 6 Explosive . | . . . . . Electromagnetic . | . . . . . Robot Hit Streak 13 | 3 13 6 5 4 Robot Miss Streak 6 | 1 6 3 2 2 Penetration Max . | . . . . . Secondary Targets 2 | . . 1 . 1 Max Gunslinging Chain 1 | . . 1 . 1 Shots Hit Robots 143 | 7 77 36 14 9 Core Hits 58 | 3 30 14 7 4 Critical Hits . | . . . . . Critical Kills . | . . . . . Critical Parts Destroyed . | . . . . . Melee Attacks . | . . . . . Impact . | . . . . . Slashing . | . . . . . Piercing . | . . . . . Sneak Attacks . | . . . . . Combat Hostiles . | . . . . . Follow-up Attacks . | . . . . . Damage Inflicted 1458 | 58 598 402 275 125 Guns 1434 | 58 598 378 275 125 Cannons . | . . . . . Explosions . | . . . . . Melee . | . . . . . Ramming . | . . . . . Kinetic 971 | 58 598 251 23 41 Thermal 487 | . . 151 252 84 Explosive . | . . . . . Electromagnetic . | . . . . . Impact . | . . . . . Slashing . | . . . . . Piercing . | . . . . . Highest Corruption 1 | . 1 1 1 1 Average Corruption 1 | . 1 1 1 1 Corruption Purged . | . . . . . Effects 7 | . 1 4 1 1 Message Errors 3 | . 1 2 . . Energy Discharges 2 | . . 1 1 . Data Loss (minor) 2 | . . 1 . 1 Overload Shots . | . . . . . Overflow Damage . | . . . . . Projectiles . | . . . . . Explosions . | . . . . . Melee . | . . . . . Knockbacks . | . . . . . Impact . | . . . . . Kinetic . | . . . . . Secondary . | . . . . . Self-Inflicted Damage . | . . . . . Shots . | . . . . . Rammed . | . . . . . Targets Rammed . | . . . . . Kicked . | . . . . . Crushed . | . . . . . Highest Temperature 292 | . 18 255 292 123 Average Temperature 57 | . 7 45 102 72 Received Heat Transfer 507 | . 282 96 . 129 Siege Activations . | . . . . . Robots Corrupted . | . . . . . Combat Hostiles . | . . . . . Parts Fried . | . . . . . Impact Corruptions . | . . . . . Robots Melted . | . . . . . Combat Hostiles . | . . . . . Parts Melted . | . . . . . Heat Transferred 877 | . . 272 444 161 Parts Sabotaged . | . . . . . Parts Stolen . | . . . . . Parts Stripped . | . . . . . Power Chain Reactions . | . . . . . Missiles Intercepted . | . . . . . Alert | -11 -10 -10 -10 -9 ------- Run | Scr Mat Min Exi Min Peak Influence 262 | 5 262 102 . 30 Initial 3 | . 3 . . . Average 43 | 1 89 20 . . Maximum Alert Level 1 | . 1 . . . Low Security (%) 96 | 100 91 100 . 100 Level 1 3 | . 8 . . . Level 2 . | . . . . . Level 3 . | . . . . . Level 4 . | . . . . . Level 5 . | . . . . . High Security . | . . . . . Max Security . | . . . . . Squads Dispatched . | . . . . . Investigation . | . . . . . Extermination . | . . . . . Reinforcement . | . . . . . Assault . | . . . . . Garrison . | . . . . . Intercept . | . . . . . Construction Impeded . | . . . . . Haulers Reinforced . | . . . . . Stealth | -11 -10 -10 -10 -9 --------- Run | Scr Mat Min Exi Min Distress Signals 7 | . 4 3 . . Communications Jammed . | . . . . . Distress Signals . | . . . . . Times Spotted 38 | . 24 8 . 6 Peak Tracking Total 6 | . 6 2 . 6 Tactical Retreats 4 | . 3 1 . . Traps | -11 -10 -10 -10 -9 ------- Run | Scr Mat Min Exi Min Traps Triggered 1 | . 1 . . . Indirectly . | . . . . . Trap Hack Attempts . | . . . . . Triggered . | . . . . . Disarmed . | . . . . . Reprogrammed . | . . . . . Reused . | . . . . . Traps Extracted . | . . . . . Installed . | . . . . . Triggered . | . . . . . Machines | -11 -10 -10 -10 -9 ---------- Run | Scr Mat Min Exi Min Machines Disabled . | . . . . . Max in Single Turn . | . . . . . Machines Sabotaged . | . . . . . Garrisons Compromised . | . . . . . Overloaded Fab Kills . | . . . . . Fab Network Shutdowns . | . . . . . Hacking | -11 -10 -10 -10 -9 --------- Run | Scr Mat Min Exi Min Machines Accessed 9 | . 6 2 1 . Terminals 6 | . 6 . . . Fabricators . | . . . . . Repair Stations . | . . . . . Recycling Units . | . . . . . Scanalyzers . | . . . . . Garrison Access . | . . . . . Total Hacks 23 | . 16 2 5 . Successful 14 | . 7 2 5 . Failed 9 | . 9 . . . Catastrophic 2 | . 2 . . . Database Lockouts . | . . . . . Manual 7 | . 7 . . . Terminals 16 | . 16 . . . Fabricators . | . . . . . Repair Stations . | . . . . . Recycling Units . | . . . . . Scanalyzers . | . . . . . Garrison Access . | . . . . . Terminal Hacks 14 | . 7 2 5 . Record 6 | . 1 . 5 . Open Door 2 | . . 2 . . Branch Access Points 1 | . 1 . . . Terminal Index 1 | . 1 . . . Alert Level 1 | . 1 . . . Unreport Threat 1 | . 1 . . . Security Status 1 | . 1 . . . Recall Investigation 1 | . 1 . . . Fabricator Hacks . | . . . . . Repair Station Hacks . | . . . . . Recycling Unit Hacks . | . . . . . Scanalyzer . | . . . . . Garrison Access Hacks . | . . . . . Unauthorized Hacks . | . . . . . Terminals . | . . . . . Fabricators . | . . . . . Repair Stations . | . . . . . Recycling Units . | . . . . . Scanalyzers . | . . . . . Garrison Access . | . . . . . Data Cores Recovered . | . . . . . Used . | . . . . . Hacking Detections 6 | . 6 . . . Full Trace Events 1 | . 1 . . . Feedback Events . | . . . . . Feedback Blocked . | . . . . . Robot Schematics Acquired . | . . . . . Robots Built . | . . . . . Matter . | . . . . . Time . | . . . . . Total Robot Build Rating . | . . . . . Part Schematics Acquired . | . . . . . Parts Built . | . . . . . Matter . | . . . . . Time . | . . . . . Total Part Build Rating . | . . . . . Parts Repaired . | . . . . . Time . | . . . . . Parts Recycled . | . . . . . Recycled Matter . | . . . . . Retrieved Matter . | . . . . . Retrieved Components . | . . . . . Parts Scanalyzed . | . . . . . Part Schematics Acquired . | . . . . . Parts Damaged . | . . . . . Bothacking | -11 -10 -10 -10 -9 ------------ Run | Scr Mat Min Exi Min Used RIF Installer . | . . . . . Robots Hacked . | . . . . . Non-combat . | . . . . . Combat . | . . . . . Robot Hacks Applied . | . . . . . Relay Couplers Released . | . . . . . Robots Rewired . | . . . . . Allies Hacked . | . . . . . Hacks Repelled . | . . . . . Allies | -11 -10 -10 -10 -9 -------- Run | Scr Mat Min Exi Min Total Allies 2 | . . 2 . . Largest Group 2 | . . 2 . . Highest-Rated Group 50 | . . 50 . . Highest-Rated Ally 31 | . . 31 . . Total Orders . | . . . . . Ally Attacks 21 | . . 21 . . Total Damage 315 | . . 315 . . Kills 4 | . . 4 . . Allies Corrupted . | . . . . . Allies Melted . | . . . . . Intel | -11 -10 -10 -10 -9 ------- Run | Scr Mat Min Exi Min Robot Analysis Total . | . . . . . Derelict Logs Recovered 2 | . . . . 2 Drone Launches . | . . . . . Drone Recoveries . | . . . . . Exploration | -11 -10 -10 -10 -9 ------------- Run | Scr Mat Min Exi Min Turns Passed 3314 | 119 902 1152 888 253 Spaces Moved 1735 | 66 389 590 546 144 Core 13 | 13 . . . . Treads 637 | 53 389 195 . . Legs 1085 | . . 395 546 144 Wheels . | . . . . . Hover . | . . . . . Flight . | . . . . . Fastest Speed 50 | 50 160 150 155 155 Average Speed 160 | 138 175 160 155 155 Slowest Speed 180 | 160 180 180 155 155 Overloaded Moves . | . . . . . Propulsion Burnouts . | . . . . . Robots Hopped . | . . . . . Cave-ins Triggered . | . . . . . Exploration Rate (%) 53 | 4 66 68 89 41 Regions Visited 4 Branch Regions 3 Pre-discovered Areas 1 | . . . . 1 Known Exits Taken 1 | . 1 . . . Unknown Exits Taken 3 | 1 . 1 1 . Scrap Searched 4 | . . 3 . 1 Spaces Dug . | . . . . . Terrain Destroyed . | . . . . . Melee . | . . . . . Projectile . | . . . . . AOE . | . . . . . Terrain Rammed . | . . . . . Walls Destroyed . | . . . . . Machines Disabled . | . . . . . Actions | -11 -10 -10 -10 -9 --------- Run | Scr Mat Min Exi Min Total 2033 | 86 509 706 568 164 Wait 62 | . 6 49 . 7 Move 1731 | 65 388 589 545 144 Hop . | . . . . . Pick Up 35 | 9 11 12 1 2 Fast Attach . | . . . . . Attach 14 | 7 4 1 . 2 Detach . | . . . . . Swap 13 | . 2 9 1 1 Drop 11 | . 2 5 3 1 Fire 164 | 5 96 41 15 7 Melee . | . . . . . Ram . | . . . . . Kick . | . . . . . Crush . | . . . . . Escape Stasis . | . . . . . Rewire 3 | . . . 3 . Trap . | . . . . . Miscellaneous . | . . . . . Route ------- -11/Scrapyard -10/Materials (discovered 3 exits: [*Mat] / *Min x2) -10/Mines (discovered 2 exits: [*Mat] / *Exi) -10/Exiles (discovered 2 exits: [*Min x2]) -9/Mines (discovered 1 exit: [*Mat]) History --------- Turn | Location | Event 3 | -11/Scrapyard | Discovered new exit (range 15) 120 | -11/Scrapyard | Entered Materials 172 | -10/Materials | Identified exit to Mines 317 | -10/Materials | Build established: Mutant 416 | -10/Materials | Lost 3 parts (1p2w) 457 | -10/Materials | Core integrity fell below 50% 556 | -10/Materials | Discovered new exit (range 12) 1022 | -10/Materials | Entered Mines 1113 | -10/Mines | Deemed a non-threat by the Exiles lab entrance 1113 | -10/Mines | Discovered new exit (range 5) 1185 | -10/Mines | Found the Drone Emporium 1191 | -10/Mines | Found Prototype Device 1358 | -10/Mines | Excavation squad dispatched 1358 | -10/Mines | A large section of the Mines collapsed 1784 | -10/Mines | Build established: Scavenger-Mutant 2034 | -10/Mines | Core integrity fell below 20% 2039 | -10/Mines | Discovered new exit (range 9) 2071 | -10/Mines | Met a Derelict who couldn't figure out how to use a Trap Extractor 2174 | -10/Mines | Entered Exiles 2174 | -10/Exiles | Found Exiles lab destroyed 2202 | -10/Exiles | Discovered new exit (range 14) 2386 | -10/Exiles | Build established: Mutant 2607 | -10/Exiles | Discovered new exit (range 14) 3062 | -10/Exiles | Entered Mines 3092 | -9/Mines | Learned location of Storage (-7) 3235 | -9/Mines | Learned Materials stockpile data 3292 | -9/Mines | Discovered new exit (range 10) 3315 | -9/Mines | Destroyed by G-34 Mercenary with Small Laser Last Messages --------------- 03107_ Found 17 Matter. 03108_ Acquired 4 matter. 03111_ Acquired Maul. 03112_ Dropped Hammer. 03115_ Acquired Imp. Ion Engine. 03165_ K-01 Serf collects debris. 03215_ K-01 Serf cleans the Matter Pump. 03219_ T-07 Excavator is excavating. 03222_ K-01 Serf cleans the Matter Pump. 03223_ T-07 Excavator is excavating. 03235_ Acquired derelict log, extracted data. Data stored: Materials stockpile data. 03237_ U-05 Engineer lays Concrete. 03253_ System corrupted: Component data lost. 03292_ EXIT=FOUND 03306_ Beamcaster destroyed. 03309_ Lgt. Assault Rifle destroyed. 03312_ G-47 Trooper destroyed. 03312_ Switching to secondary target: G-47 Trooper. [Achievement: Back For More] Map ----- +----------------------------------------------------+ | #### ##### ######????????????????? | | ## #### #???? #?????????????????????? | | ### ##??# #???? #?????????????????????? | | ##### #?# #???# #???# #?????????????????????? | | #???? ??# #???# #???# #?????????????????????? | | #???? ??# ##???# #???# ##????????????????????? | | #???? ??# ?????# #??## ##???????????????????? | | #????????# ????## #?## #???????????????????? | | #????????# ???## ### #???????????????????? | | #????????# ??## ## #????????????????????? | | #????????# ??# """ ##???###?????????????? | | ##?????????????# """ #### ##????????????? | | ???????????????# """ #????????????? | | ???????????????## #????????????? | | ##??????????????#### #?????????????? | | # ????????????????## ##?????????????? | | ???????????????# #??????????????? | | ??????????????## ##?????????????? | | ????????????###### #######???????? | | # ??????????????????#### #???????? | | #?# ##??????????????????## #???????? | | #??# #??????############# ######????????? | | ????# ###???# g #?????????????? | | ?????# ##### #?????????????? | | ?????# ## ####%##### #????????????? | | ?????????### #??#@#???# #???????????? | | ???????????###########??#g#???## #???????????? | | ????????????????????????g ????## ###???????????? | | ???????????????????????? ""?????# #?????????????? | | ???????????????????????" """???? #?????????????? | | ???????????????????????" """????# ?????????????? | | ?????????????????????? ????####????????????? | | ??????????????????????"" ????????????????????? | | ?????????????????????""" < ????????????????????? | | ??????????????????????"" ??????????????????????? | | ??????????????????????? ????????????????????????? | | ???????????????????????" ????????????????????????? | | ???????????????????????"?????????????????????????? | | ?????????????????????????????????????????????????? | | ?????????????????????????????????????????????????? | | ?????????????????????????????????????????????????? | | ?????????????????????????????????????????????????? | | ?????????????????????????????????????????????????? | | ?????????????????????????????????????????????????? | | ?????????????????????????????????????????????????? | | ?????????????????????????????????????????????????? | | ?????????????????????????????????????????????????? | | ?????????????????????????????????????????????????? | | ?????????????????????????????????????????????????? | | ?????????????????????????????????????????????????? | +----------------------------------------------------+ Best States ------------- Heat Dissipation 25 Energy Generation 12 Energy Capacity 265 Matter Stores 300 Matter Capacity 300 Sight Range 16 Terrain Scan Density 10 Evasion (%) 50 Recoil Reduction 2 Item Schematics ----------------- None Robot Schematics ------------------ None Fabricated ------------ Nothing Alien Tech Used ----------------- None Achievements -------------- Back For More Challenges ------------ None Game ------ Seed CompactCombatBuckler Manual? 0 Play Time 00:31:39 Cumulative 24.3 hours Start 2022.01.10 @ 22:11:35 End 2022.01.10 @ 23:26:42 Sessions 1 Manual Loads 0 Difficulty Rogue Special Mode None Game No. 50 Rogue 50 Adventurer 0 Explorer 0 Win Type - Total 0 Types 0/0/0/0/0/0/0/0/0 Lore% 21 Gallery% 21 Achievement% 16 Wizard Run 0 Options --------- ASCII 0 Keyboard 0 Movement Mouse Keybinds 0 Fullscreen 1 Font 12/Terminus Map View 83x54 Tactical HUD 1 Map Filters NONE Filters NONE Steam 1 RUN: 4a368499-e426-4102-98c0-026cd195ac84